 Dungeon Crawl Stone Soup version 0.30.0-29-ga12c61a403 (webtiles) character file.

Game seed: 6468893409799753815

169 Heoruswealwe the Magician (level 5, 0/28 HPs)
             Began as a Deep Elf Earth Elementalist on June 14, 2023.
             Slain by an orc
             ... wielding a +0 war axe
              (7 damage)
             ... on level 3 of the Dungeon.
             The game lasted 00:19:43 (1922 turns).

Heoruswealwe the Magician (DEEE)                    Turns: 1922, Time: 00:19:46

Health: 0/28       AC:  2    Str:  5    XL:     5   Next: 25%
Magic:  3/15       EV: 12    Int: 22    God:
Gold:   98         SH:  0    Dex: 15    Spells: 5/15 levels left

rFire   . . .        b - +1 dagger (holy)
rCold   . . .        (no shield)
rNeg    . . .        c - +0 robe
rPois   .            (no helmet)
rElec   .            (no cloak)
rCorr   .            (no gloves)
SInv    .            (no boots)
Will    .....        (no amulet)
Stlth   ++           (no ring)
HPRegen 0.24/turn    (no ring)
MPRegen 0.14/turn

%: no passive effects
@: no status effects
A: no striking features
a: no special abilities


You were on level 3 of the Dungeon.
You visited 1 branch of the dungeon, and saw 3 of its levels.

You collected 98 gold pieces.

Inventory:

Hand Weapons
 b - a +1 dagger of holy wrath (weapon)
Armour
 c - a +0 robe (worn)
 n - a +0 robe
 q - the +0 ring mail of the Lair of Beasts {+Inv rElec MP-9 SInv}
   (You found it on level 3 of the Dungeon)

   rElec:     It insulates you from electricity.
   MP:        It affects your magic capacity (-9).
   SInv:      It lets you see invisible.
   +Inv:      It lets you turn invisible.
Magical Staves
 l - a staff of conjuration
Scrolls
 d - 2 scrolls of noise {unknown}
 e - 3 scrolls of teleportation {unknown}
 f - a scroll of brand weapon {unknown}
 g - 2 scrolls of fog {unknown}
 h - 5 scrolls of identify {unknown}
 i - a scroll of enchant weapon {unknown}
 o - a scroll of immolation {unknown}
Potions
 a - a potion of mutation {unknown}
 j - 2 potions of resistance {unknown}
 k - a potion of brilliance {unknown}
 m - a potion of cancellation {unknown}
 p - a potion of magic


   Skills:
 - Level 2.4 Dodging
 - Level 2.4 Stealth
 + Level 5.6 Spellcasting
 - Level 1.1 Transmutations
 + Level 5.2 Earth Magic


You had 5 spell levels left.
You knew the following spells:

 Your Spells              Type           Power      Damage    Failure   Level
a - Sandblast             Erth           58%        2d13      1%          1
b - Stone Arrow           Conj/Erth      34%        3d9       10%         3
c - Petrify               Tmut/Erth      20%        N/A       26%         4
z - Passwall              Tmut/Erth      16%        N/A       4%          2

Your spell library contained the following spells:

 Spells                   Type           Power      Damage    Failure   Level
 Blink                    Tloc           12%        N/A       14%         2
 Lesser Beckoning         Tloc           12%        N/A       14%         2
 Momentum Strike          Conj/Tloc      12%        3d8       14%         2


Dungeon Overview and Level Annotations

Branches:
Dungeon (3/15)

Altars:
Ru

Annotations:
D:3 1 transporter


Message History

Something hits you. The orc attacks as you move away!
The orc barely misses you. Something hits you. Something hits you.
There is a stone staircase leading down here.
You are too injured to fight recklessly!
Casting: Sandblast (safe; 1% risk of failure)
Confirm with . or Enter, or press ? or * to list all spells.
Aiming: Sandblast (safe; 1% risk of failure)
Press: ? - help, Shift-Dir - straight line, f - kobold
Aim: a kobold, wielding a +0 short sword (79% to hit)
The blast of sand hits something!
Reactivating autopickup.
You feel a bit more experienced.
Casting: Sandblast (safe; 1% risk of failure)
Confirm with . or Enter, or press ? or * to list all spells.
Aiming: Sandblast (safe; 1% risk of failure)
Press: ? - help, Shift-Dir - straight line, f/p - kobold
Aim: a kobold, wielding a +0 short sword (79% to hit)
The blast of sand hits the kobold!
You kill the kobold!
The orc hits you with a +0 war axe!
* * * LOW HITPOINT WARNING * * *
Casting: Sandblast (safe; 1% risk of failure)
Confirm with . or Enter, or press ? or * to list all spells.
Aiming: Sandblast (safe; 1% risk of failure)
Press: ? - help, Shift-Dir - straight line, f - orc
Aim: an orc, wielding a +0 war axe and wearing a +0 chain mail (heavily wounded, 87% to hit)
The blast of sand hits the orc but does no damage.
The orc is heavily wounded.
The orc barely misses you.
Casting: Sandblast (safe; 1% risk of failure)
Confirm with . or Enter, or press ? or * to list all spells.
Aiming: Sandblast (safe; 1% risk of failure)
Press: ? - help, Shift-Dir - straight line, f/p - orc
Aim: an orc, wielding a +0 war axe and wearing a +0 chain mail (heavily wounded, 87% to hit)
The blast of sand hits the orc but does no damage.
The orc is heavily wounded.
The orc closely misses you. The orc hits you with a +0 war axe!
You die...

..##..#.#..#.#
...)..)....[.#
#.#.#..####..
#............
#####†.##### #..##
##..)####.#
#.########.........#
#......@oo.....#####
##########.....#
##...## #...#
#####...# .........#
######.#.# #.#.# ..#
#.#.#


You could see 2 orcs.

Vanquished Creatures
  A jelly (D:3)
  Terence (D:2)
  An orc wizard (D:3)
  An adder (D:2)
  3 worms (D:2)
  4 orcs
  7 bats
  11 endoplasms
  2 giant cockroaches
  6 goblins
  4 hobgoblins
  6 jackals
  3 kobolds
  2 quokkas (D:3)
  4 ball pythons
  2 frilled lizards
  4 rats
62 creatures vanquished.

Notes
Turn   | Place    | Note
-------+----------+-------------------------------------------
     0 | D:1      | Heoruswealwe the Deep Elf Earth Elementalist began the
                  | quest for the Orb.
     0 | D:1      | Reached XP level 1. HP: 10/10 MP: 6/6
   239 | D:1      | Reached XP level 2. HP: 15/15 MP: 2/8
   242 | D:1      | Learned a level 2 spell: Passwall
   918 | D:2      | Reached XP level 3. HP: 19/19 MP: 5/10
   934 | D:2      | Learned a level 3 spell: Stone Arrow
  1163 | D:2      | Noticed Terence
  1191 | D:2      | Killed Terence
  1192 | D:2      | Reached XP level 4. HP: 8/24 MP: 0/12
  1309 | D:2      | Learned a level 4 spell: Petrify
  1631 | D:1      | You fall into a shaft and drop 1 floor!
  1693 | D:3      | Found a transporter.
  1713 | D:3      | Reached skill level 5 in Spellcasting
  1725 | D:3      | Found a sacrificial altar of Ru.
  1763 | D:3      | Identified the +0 ring mail of the Lair of Beasts {+Inv
                  | rElec MP-9 SInv}
  1835 | D:3      | Reached skill level 5 in Earth Magic
  1899 | D:3      | Reached XP level 5. HP: 28/28 MP: 12/14
  1922 | D:3      | Slain by an orc

Illustrated notes

Levels and vault maps discovered:
D:1:      wander_arrival_estate, layout_loops_corners
D:2:      layout_basic, minmay_tromino_v4_a, uniq_terence
D:3:      gammafunk_steamed_eel, layout_loops_ring, nicolae_ru_awakened_eye,
          minmay_joined_circles, uniq_crazy_yiuf_cottage

Skill      XL: |  1  2  3  4 |
---------------+-------------+-----
Spellcasting   | 4 5 |  5.6
Earth Magic    | 4 5 |  5.2
Dodging        | |  2.4
Stealth        | |  2.4
Transmutations | |  1.1

Action                     |  1- 3 |  4- 6 || total
---------------------------+-------+-------++-------
   Cast: Sandblast         |    36 |    52 ||    88
         Stone Arrow       |     4 |       ||     4
 Armour: Robe              |     1 |     5 ||     6
  Dodge: Dodged            |     4 |    20 ||    24
